 Dungeon Crawl Stone Soup version bcrawl-1.29-8-g666d9ae327 (webtiles) character file.

Game seed: 6569092462174768789

627374 esc the Bludgeoner (level 15, -3/182 HPs)
             Began as an Ent Archaeologist on Feb 8, 2021.
             Was the Champion of Cheibriados.
             Slain by an anaconda (14 damage)
             ... on level 1 of the Snake Pit.
             The game lasted 01:02:14 (19824 turns).

esc the Bludgeoner (Ent Archaeologist)             Turns: 19824, Time: 01:02:14

Health: -3/182     AC: 25    Str: 42    XL:     15   Next: 96%
Magic:  20/26      EV: 17    Int: 31    God:    Cheibriados [******]
Gold:   935        SH: 22    Dex: 28    Spells: 15/18 levels left

rFire    . . .     SeeInvis .   t - +0 great mace (holy)
rCold    . . .     Gourm    .   D - +0 medium shield
rNeg     + + +     Faith    .   (armour unavailable)
rPois    +         Spirit   .   Y - +1 hat
rElec    +         Reflect  +   w - +1 cloak of Okawaru's Supremacy {rElec MR- Str+2 Slay+5}
rCorr    .         Harm     .   (gloves unavailable)
MR       .....                  (boots unavailable)
Stlth    +++.......             c - +6 amulet of reflection
HPRegen  0.40/turn              f - +6 ring of evasion
MPRegen  0.20/turn              q - +6 ring of strength

@: lethally poisoned (-3 -> -4), very slow
A: large, slow actions, passwall, negative energy resistance 3, poison
resistance, slow metabolism 1, torment resistance, unbreathing, AC +22
a: Passwall, Bend Time, Temporal Distortion, Slouch, Step From Time, Renounce
Religion


You were on level 1 of the Snake Pit.
You worshipped Cheibriados.
Cheibriados was exalted by your worship.
You were not hungry.

You visited 5 branches of the dungeon, and saw 20 of its levels.

You collected 2217 gold pieces.
You spent 1282 gold pieces at shops.

Inventory:

Hand Weapons
 o - the +5 spear of a sewer {speed, +Blink}
   (You took it off a spriggan on level 1 of the Swamp)

   Attacks with this weapon are significantly faster.
   It lets you blink.
   Cheibriados disapproves of the use of such an item.
 t - a +0 great mace of holy wrath (weapon)
Missiles
 z - 2664 stones (quivered)
 J - 2 throwing nets {=f}
Armour
 w - the +1 cloak of Okawaru's Supremacy (worn) {rElec MR- Str+2 Slay+5}
   (You acquired it on level 6 of the Dungeon)

   It affects your strength (+2).
   It affects your accuracy and damage with ranged weapons and melee attacks
   (+5).
   It insulates you from electricity.
   It affects your resistance to hostile enchantments.
 D - a +0 medium shield (worn)
 Y - a +1 hat (worn)
Jewellery
 b - an uncursed ring of insulation
 c - a +6 amulet of reflection (around neck)
 f - a +6 ring of evasion (left hand)
 h - an uncursed ring of protection from fire
 q - a +6 ring of strength (right hand)
Wands
 B - a wand of acid (7)
 L - a wand of flame (63)
 N - a wand of paralysis (13)
 P - a wand of polymorph (24)
 U - a wand of disintegration (7)
 V - a wand of random effects (18)
 W - a wand of iceblast (25)
 Z - a wand of digging (8)
Scrolls
 d - a scroll of enchant weapon {unknown}
 g - 7 scrolls of magic mapping
 k - 8 scrolls of teleportation
 l - 10 scrolls of remove curse
 r - 7 scrolls of fog
 x - a scroll of brand weapon
 y - a scroll of torment {unknown}
 C - 2 scrolls of blinking
 K - a scroll of fear {unknown}
 M - 7 scrolls of enchant armour {unknown}
 O - 2 scrolls of vulnerability {unknown}
 X - 2 scrolls of noise {unknown}
Potions
 j - a potion of berserk rage
 m - 2 potions of flight
 n - 2 potions of ambrosia
 p - a potion of might
 s - 6 potions of mutation
 u - 7 potions of curing
 v - 3 potions of resistance
 A - 2 potions of heal wounds
 E - 2 potions of invisibility
 G - 2 potions of magic
 I - 3 potions of agility
 R - a potion of cancellation {unknown}
Miscellaneous
 a - a phial of floods
Comestibles
 e - 29 rations {!d}


   Skills:
 + Level 15.7 Fighting
 + Level 17.5 Maces & Flails
 - Level 2.6 Dodging
 - Level 3.6 Stealth
 + Level 11.9 Shields
 - Level 2.0 Spellcasting
 - Level 2.0 Translocations
 - Level 15.0 Invocations


You had 15 spell levels left.
You knew the following spells:

 Your Spells              Type           Power        Failure   Level  Hunger
a - Apportation           Tloc           ###...       9%          1    None
b - Blink                 Tloc           N/A          12%         2    ##.....

Your spell library contained the following spells:

 Spells                   Type           Power        Failure   Level  Hunger
 Blink Other              Tloc           ###...       9%          1    None
 Corona                   Hex            #......      19%         1    None
 Magic Dart               Conj           #...         19%         1    None
 Sting                    Conj/Pois      #...         19%         1    None
 Portal Projectile        Tloc           ###...       24%         3    ####...
 Teleport Other           Tloc           ###.....     24%         3    ####...
 Ensorcelled Hibernation  Hex/Ice        #.....       28%         2    ##.....
 Poisonous Vapours        Pois/Air       #.....       28%         2    ##.....
 Searing Ray              Conj           #.......     28%         2    ##.....
 Confuse                  Hex            #.......     50%         3    ####...
 Dazzling Orbs            Conj/Hex       #......      50%         3    ####...
 Ignite Poison            Fire/Tmut/Pois #.......     50%         3    ####...
 Iskenderun's Mystic Bla  Conj           #.......     50%         3    ####...
 Tukima's Dance           Hex            #.......     50%         3    ####...
 Cause Fear               Hex            #.........   88%         4    ######.
 Fulminant Prism          Conj/Hex       #.........   88%         4    ######.
 Olgreb's Toxic Radiance  Pois           #........    88%         4    ######.
 Petrify                  Tmut/Erth      #.........   88%         4    ######.
 Summon Scorpions         Summ/Pois      #.......     88%         4    ######.
 Yara's Violent Unravell  Hex/Tmut       #.........   88%         4    ######.
 Passage of Golubria      Tloc           N/A          92%         5    #######
 Irradiate                Conj/Tmut      #.........   99%         5    #######
 Metabolic Englaciation   Hex/Ice        #.........   99%         5    #######
 Silence                  Hex/Air        #.........   99%         5    #######
 Summon Lightning Spire   Summ/Air       #.......     99%         5    #######
 Venom Bolt               Conj/Pois      #.........   99%         5    #######
 Conjure Ball Lightning   Conj/Air       #.........   100%        6    #######
 Deflect Missiles         Chrm/Air       #.........   100%        6    #######
 Mana Rupture             Conj/Hex       #.........   100%        7    #######
 Tornado                  Air            #.........   100%        9    #######


Dungeon Overview and Level Annotations

Branches:
Dungeon (9/12)             Temple (0/1) D:7            Lair (6/6) D:9
  Swamp (3/3) Lair:4        Snake (1/3) Lair:3        Slime (0/5) Lair:6
    Orc (1/1) D:9             Elf (0/3) Orc

Altars:
Ashenzari
Cheibriados
Dithmenos
Fedhas
Gozag
Kikubaaqudgha
Nemelex Xobeh
Okawaru
Qazlal
Sif Muna
Trog
Uskayaw
Vehumet
Wu Jian
Xom
Yredelemnul
The Shining One
Beogh
Jiyva

Shops:
D:6 *   D:7 *   D:8 }   Orc *(%*

Annotations:
D:6 2 runed translucent doors, sirdond's ghost, novice MiFi
D:8 Maurice
Lair:6 exclusion: 4 oklob plants
Swamp:3 Lernaean hydra


Innate Abilities, Weirdness & Mutations

You move and act slowly.
You can pass through walls and trees.
Your thick bark is tough. (AC +22)
You are too large for most types of armour.
You are immune to negative energy. (rN+++)
Your system is resistant to poisons. (rPois)
You have a slow metabolism.
You are immune to unholy pain and torment.
You can survive without breathing.


Message History

The black mamba hisses angrily.
You feel sick. You block the black mamba's attack. x2
The black mamba barely misses you.
You hit the black mamba.
The black mamba is lightly wounded.
You feel sick. You block the black mamba's attack. x3
You closely miss the black mamba.
The black mamba is lightly wounded.
You feel sick. The black mamba misses you.
An anaconda comes into view.
You block the black mamba's attack. x2; The anaconda moves out of view.
You crush the black mamba like a grape!!!!
You kill the black mamba!
Cheibriados thoroughly appreciates the change of pace.
You feel sick.
You beat the anaconda like a drum!!!
The anaconda is severely wounded.
You hear an angry hiss.
You block the anaconda's attack. The anaconda bites you!
You die...

.!. ..#....N#
... .......#
#.##...S..#
#.S..).#
###)#### #)##
#..# ##.#### #.#
#.S@.# ##.##
####.####>..###
#...# .....#
###.##.....#
#..##...
########.##(####
.......†<..)...#
#####....##.##.#
#.........


You could see an anaconda.

Vanquished Creatures
  Saint Roka (Orc)
  Agnes (Snake:1)
  2 thorn hunters
  Kirke (Lair:6)
  The ghost of Sarzael the Fighter, a journeyman DrTm of Hepliaklqana (Swamp:1)
  14 hydras
  A rakshasa (Snake:1)
  Harold (Lair:5)
  A ghost crab (Swamp:3)
  A catoblepas (Lair:3)
  2 shambling mangroves
  An anaconda (Snake:1)
  5 two-headed ogres
  Erica (Lair:1)
  8 alligators
  5 orc high priests (Orc)
  A goliath frog (Lair:6)
  3 spriggan druids
  10 swamp dragons
  A cyclops (Orc)
  4 orc knights (Orc)
  5 orc sorcerers (Orc)
  3 mana vipers (Snake:1)
  4 will-o'-wisps (Swamp:2)
  7 elephants
  4 black mambas
  15 cane toads
  A rime drake (Lair:6)
  7 komodo dragons
  3 trolls
  12 hornets
  11 tyrant leeches
  Prince Ribbit (D:7)
  3 polar bears
  6 slime creatures
  Grinder (D:4)
  11 bog bodies
  17 blink frogs
  5 hippogriffs
  8 dream sheep
  28 yaks
  20 spriggans
  A basilisk (Lair:2)
  A wyvern (Lair:4)
  A steam dragon (D:9)
  Grum (D:9)
  A hungry ghost (D:5)
  4 vampire mosquitoes (Swamp:2)
  16 crocodiles
  4 wargs
  5 nagas
  11 swamp worms
  11 water moccasins
  5 porcupines
  5 black bears (Lair:6)
  30 orc warriors
  14 swamp drakes
  An ice beast (D:9)
  9 ogres
  A necrophage (D:7)
  8 boggarts
  29 wolves
  3 phantoms
  2 centaurs
  8 bullfrogs
  A water moccasin zombie (D:6)
  A scorpion (D:9)
  A killer bee (D:6)
  An electric eel (Lair:4)
  2 crimson imps
  A jelly (D:5)
  2 centaur skeletons
  19 orc priests
  A gnoll shaman (D:4)
  3 hounds
  10 orc wizards
  Crazy Yiuf (D:4)
  7 iguanas
  10 hell rats
  5 worker ants
  3 hound skeletons
  A worker ant zombie (D:8)
  A howler monkey skeleton (D:4)
  12 adders
  11 gnolls
  2 shadow imps
  3 oozes
  An adder skeleton (D:4)
  3 worms
  2 dart slugs
  6 leopard geckos
  84 orcs
  2 ball pythons
  2 bat zombies (D:8)
  4 giant cockroaches
  4 hobgoblins
  8 jackals
  7 kobolds
  2 quokkas
  10 bats
  A frilled lizard (D:3)
  4 goblins
  3 rats
  2 fungi (Lair:5)
  A plant (D:9)
652 creatures vanquished.

Vanquished Creatures (collateral kills)
  Rupert (Lair:6)
1 creature vanquished.

Vanquished Creatures (others)
  Sonja (Lair:1)
  A tyrant leech (Swamp:1)
  4 humans (Lair:6)
  2 orcs (Orc)
  26 fungi
  15 plants
49 creatures vanquished.

Grand Total: 702 creatures vanquished

Notes
Turn   | Place    | Note
-------+----------+-------------------------------------------
     0 | D:1      | esc the Ent Archaeologist began the quest for the Orb.
     0 | D:1      | Reached XP level 1. HP: 21/21 MP: 1/1
    36 | D:1      | Reached skill level 2 in Maces & Flails
   156 | D:1      | Reached XP level 2. HP: 21/29 MP: 2/2
   233 | D:1      | Reached skill level 3 in Maces & Flails
   887 | D:2      | Found an ornate altar of the Wu Jian Council.
  1012 | D:2      | Reached XP level 3. HP: 35/36 MP: 3/3
  1012 | D:2      | Found a shattered altar of Ashenzari.
  1113 | D:2      | Reached skill level 4 in Maces & Flails
  1585 | D:3      | Found a hide-covered altar of Uskayaw.
  1684 | D:3      | Reached XP level 4. HP: 43/44 MP: 4/4
  1801 | D:3      | Found a shadowy altar of Dithmenos.
  1820 | D:3      | Reached skill level 5 in Maces & Flails
  2272 | D:3      | Found a snail-covered altar of Cheibriados.
  2428 | D:3      | Became a worshipper of Cheibriados the Contemplative
  2725 | D:3      | Reached XP level 5. HP: 27/53 MP: 5/5
  2725 | D:3      | Identified a scroll of acquirement
  2725 | D:3      | Identified the +1 hat of Qoafim {*Slow +Inv rElec Dex+7}
                  | (You acquired it on level 3 of the Dungeon)
  2802 | D:3      | Found a sparkling altar of Nemelex Xobeh.
  2908 | D:4      | Found an iron altar of Okawaru.
  2958 | D:4      | Reached skill level 6 in Maces & Flails
  3209 | D:4      | Reached XP level 6. HP: 60/65 MP: 6/6
  3230 | D:4      | Noticed Grinder
  3239 | D:4      | Paralysed by Grinder for 2 turns
  3249 | D:4      | Killed Grinder
  3249 | D:4      | Reached * piety under Cheibriados
  3250 | D:4      | Reached skill level 7 in Maces & Flails
  3380 | D:4      | Reached XP level 7. HP: 77/77 MP: 7/7
  3540 | D:4      | Found a shimmering blue altar of Sif Muna.
  3564 | D:4      | Reached skill level 5 in Fighting
  3685 | D:4      | Found a bloodstained altar of Trog.
  3754 | D:4      | Found a runed door.
  3758 | D:4      | Noticed Crazy Yiuf
  3767 | D:4      | Killed Crazy Yiuf
  3846 | D:5      | Entered Level 5 of the Dungeon
  3884 | D:5      | Found a basalt altar of Yredelemnul.
  3963 | D:5      | Reached skill level 8 in Maces & Flails
  3963 | D:5      | Reached skill level 1 in Invocations
  4019 | D:5      | Reached ** piety under Cheibriados
  4427 | D:5      | Noticed a hungry ghost
  4436 | D:5      | Killed a hungry ghost
  4453 | D:5      | Reached skill level 1 in Shields
  4453 | D:5      | Reached XP level 8. HP: 86/89 MP: 9/9
  4590 | D:5      | Found the +7 Spriggan's Knife {stab, EV+4 Stlth+}
  4722 | D:5      | Found an opulent altar of Gozag.
  4993 | D:6      | Reached skill level 9 in Maces & Flails
  5068 | D:6      | Found Fuigil's General Store.
  5077 | D:6      | Bought a scroll of identify for 28 gold pieces
  5077 | D:6      | Bought a scroll of identify for 28 gold pieces
  5202 | D:6      | Got an ancient war axe
  5204 | D:6      | Identified the +6 war axe of Inflation {chop, Str+3} (You
                  | found it on level 6 of the Dungeon)
  5246 | D:6      | Found a large runed translucent door.
  5246 | D:6      | Found a large runed translucent door.
  5249 | D:6      | Noticed sirdond's ghost (novice MiFi)
  5343 | D:6      | Reached *** piety under Cheibriados
  5438 | D:6      | Found a shimmering altar of Xom.
  5438 | D:6      | Found a glowing golden altar of the Shining One.
  5540 | D:7      | Found Picseadd's General Store.
  5548 | D:7      | Noticed Prince Ribbit
  5568 | D:7      | Killed Prince Ribbit
  5591 | D:7      | Found a radiant altar of Vehumet.
  5614 | D:7      | Reached XP level 9. HP: 100/100 MP: 12/12
  5639 | D:7      | Reached skill level 5 in Invocations
  5696 | D:7      | Found a staircase to the Ecumenical Temple.
  5757 | D:7      | Bought a scroll of teleportation for 45 gold pieces
  5757 | D:7      | Bought 2 scrolls of fog for 60 gold pieces
  5757 | D:7      | Bought a scroll of identify for 30 gold pieces
  5969 | D:7      | Found a stormy altar of Qazlal.
  6180 | D:8      | Reached skill level 10 in Maces & Flails
  6252 | D:8      | Got a fine turquoise ring
  6254 | D:8      | Identified the ring "Morphop" {Fire Dex+3} (You found it on
                  | level 8 of the Dungeon)
  6333 | D:8      | Found a blossoming altar of Fedhas.
  6559 | D:8      | Found an ancient bone altar of Kikubaaqudgha.
  6620 | D:8      | Noticed Maurice
  6685 | D:8      | Found Monik's Gadget Shop.
  6861 | D:9      | Reached **** piety under Cheibriados
  6903 | D:9      | Noticed a two-headed ogre
  6911 | D:9      | Killed a two-headed ogre
  6969 | D:9      | Reached XP level 10. HP: 108/114 MP: 15/15
  7066 | D:9      | Noticed a two-headed ogre
  7074 | D:9      | Killed a two-headed ogre
  7075 | D:9      | Reached skill level 5 in Shields
  7079 | D:9      | Reached skill level 11 in Maces & Flails
  7138 | D:9      | Noticed Grum
  7146 | D:9      | Killed Grum
  7268 | D:9      | Reached ***** piety under Cheibriados
  7286 | D:9      | Found a staircase to the Lair.
  7504 | D:9      | Found a staircase to the Orcish Mines.
  7621 | D:9      | Reached XP level 11. HP: 125/126 MP: 17/17
  7877 | Lair:1   | Entered Level 1 of the Lair of Beasts
  8135 | Lair:1   | Noticed Erica
  8142 | Lair:1   | Killed Erica
  8143 | Lair:1   | Reached skill level 10 in Fighting
  8243 | Lair:1   | Noticed Sonja
  8255 | Lair:1   | Killed Sonja
  8256 | Lair:1   | Reached skill level 12 in Maces & Flails
  8451 | Lair:2   | Got a scorched trident
  8452 | Lair:2   | Identified the +8 trident "Bacorel" {flame, rC+} (You found
                  | it on level 2 of the Lair of Beasts)
  8796 | Lair:2   | Reached skill level 10 in Invocations
  9026 | Lair:3   | Found a staircase to the Snake Pit.
  9117 | Lair:3   | Noticed a six-headed hydra
  9169 | Lair:3   | Killed a one-headed hydra
  9236 | Lair:3   | Noticed a five-headed hydra
  9343 | Lair:3   | Killed a one-headed hydra
  9413 | Lair:3   | Noticed a five-headed hydra
  9424 | Lair:3   | Killed a one-headed hydra
  9425 | Lair:3   | Reached skill level 13 in Maces & Flails
  9425 | Lair:3   | Reached XP level 12. HP: 126/140 MP: 18/20
  9769 | Lair:3   | Reached ****** piety under Cheibriados
  9903 | Lair:3   | Noticed a catoblepas
  9903 | Lair:3   | Noticed a four-headed hydra
 10003 | Lair:3   | Killed a one-headed hydra
 10361 | Lair:3   | Killed a catoblepas
 10598 | Lair:4   | Noticed a seven-headed hydra
 10606 | Lair:4   | Killed a two-headed hydra
 10652 | Lair:4   | Noticed a five-headed hydra
 10661 | Lair:4   | Killed a one-headed hydra
 10687 | Lair:4   | Reached skill level 14 in Maces & Flails
 10690 | Lair:4   | Found a staircase to the Swamp.
 11001 | Lair:4   | Got a flickering bronze amulet
 11003 | Lair:4   | Identified the cursed amulet of the Present {Inacc Str+3}
                  | (You found it on level 4 of the Lair of Beasts)
 11621 | Lair:5   | Noticed Harold
 11691 | Lair:5   | Killed Harold
 11714 | Lair:5   | Reached XP level 13. HP: 152/152 MP: 22/22
 12711 | Lair:6   | Entered Level 6 of the Lair of Beasts
 12711 | Lair:6   | Noticed Rupert
 12714 | Lair:6   | Paralysed by Rupert for 2 turns
 12729 | Lair:6   | Killed Rupert
 13074 | Lair:6   | Found a viscous altar of Jiyva.
 13074 | Lair:6   | Found a staircase to the Slime Pits.
 13399 | Lair:6   | Noticed Kirke
 13406 | Lair:6   | Killed Kirke
 13428 | Lair:6   | Reached skill level 15 in Maces & Flails
 14046 | Lair:6   | Reached XP level 14. HP: 92/165 MP: 24/24
 14183 | Lair:6   | Found a shimmering blue altar of Sif Muna.
 14522 | D:6      | Bought a scroll of acquirement for 728 gold pieces
 14522 | D:6      | Identified the +1 cloak of Okawaru's Supremacy {rElec MR-
                  | Str+2 Slay+5} (You acquired it on level 6 of the Dungeon)
 14610 | Orc      | Entered the Orcish Mines
 14715 | Orc      | Found a roughly hewn altar of Beogh.
 14760 | Orc      | Reached skill level 10 in Shields
 14822 | Orc      | Found Vagh's General Store.
 14850 | Orc      | Found Plog's Food Shop.
 15387 | Orc      | Found a staircase to the Elven Halls.
 15667 | Orc      | Noticed Saint Roka
 15683 | Orc      | Killed Saint Roka
 15880 | Orc      | Found Alonn's General Store.
 16024 | Orc      | Reached skill level 16 in Maces & Flails
 16089 | Orc      | Found a roughly hewn altar of Beogh.
 16158 | Orc      | Found Hympoll's Weapon Shoppe.
 16585 | Orc      | Bought a potion of curing for 32 gold pieces
 16585 | Orc      | Bought a scroll of identify for 26 gold pieces
 16585 | Orc      | Bought a scroll of blinking for 97 gold pieces
 16585 | Orc      | Bought a wand of acid (7) for 208 gold pieces
 16764 | Swamp:1  | Entered Level 1 of the Swamp
 16876 | Swamp:1  | Noticed a thorn hunter
 16886 | Swamp:1  | Killed a thorn hunter
 17365 | Swamp:1  | Found a runed translucent door.
 17366 | Swamp:1  | Identified the +5 spear of a sewer {speed, +Blink}
 17367 | Swamp:1  | Noticed Sarzael's ghost (journeyman DrTm)
 17384 | Swamp:1  | Learned a level 1 spell: Apportation
 17460 | Swamp:1  | Reached XP level 15. HP: 154/177 MP: 26/26
 17806 | Swamp:1  | Killed Sarzael's ghost
 17816 | Swamp:1  | Reached skill level 15 in Invocations
 17834 | Swamp:1  | Got a pair of buzzing gloves
 17893 | Swamp:2  | Noticed a thorn hunter
 17900 | Swamp:2  | Killed a thorn hunter
 18194 | Swamp:2  | Reached skill level 15 in Fighting
 18639 | Swamp:3  | Entered Level 3 of the Swamp
 18746 | Swamp:3  | Reached skill level 17 in Maces & Flails
 19071 | Swamp:3  | Learned a level 2 spell: Blink
 19095 | Swamp:3  | Reached skill level 1 in Spellcasting
 19102 | Swamp:3  | Reached skill level 1 in Translocations
 19329 | Swamp:3  | Noticed the 27-headed Lernaean hydra
 19744 | Snake:1  | Entered Level 1 of the Snake Pit
 19798 | Snake:1  | Noticed Agnes
 19810 | Snake:1  | Killed Agnes
 19824 | Snake:1  | Slain by an anaconda

Skill      XL: |  1  2  3  4  5  6  7  8  9 10 11 12 13 14 15 |
---------------+----------------------------------------------+-----
Maces & Flails | 2 3 4 5 6 7 8 9 10 11 13 14 15 16 17 | 17.5
Fighting       | 3 4 5 7 8 9 11 12 13 14 15 | 15.7
Invocations    | 2 4 7 8 10 12 13 14 15 | 15.0
Shields        | 1 3 4 6 7 8 9 10 11 | 11.9
Spellcasting   | 2 |  2.0
Translocations | 2 |  2.0
Dodging        | |  2.6
Stealth        | |  3.6

Action                   |  1- 3 |  4- 6 |  7- 9 | 10-12 | 13-15 || total
-------------------------+-------+-------+-------+-------+-------++-------
Melee: Whip              |   198 |   198 |       |       |       ||   396
       Mace              |       |    54 |   156 |       |       ||   210
       War axe           |       |       |    90 |   393 |   100 ||   583
       Knife             |       |       |     1 |       |       ||     1
       Scimitar          |       |       |       |    39 |       ||    39
       Great mace        |       |       |       |       |   764 ||   764
 Fire: Blowgun           |       |       |       |     5 |       ||     5
Throw: Stone             |       |    10 |     7 |     9 |    75 ||   101
Invok: Bend Time         |       |       |     1 |       |     4 ||     5
       Slouch            |       |       |       |       |     5 ||     5
       Step From Time    |       |       |       |       |     1 ||     1
 Abil: Passwall          |       |     6 |       |     1 |     3 ||    10
Evoke: Wand              |       |       |     2 |     3 |     1 ||     6
       Phial of floods   |       |       |       |       |     1 ||     1
  Use: Scroll            |     2 |     2 |     8 |     6 |    14 ||    32
       Potion            |       |       |       |     2 |     4 ||     6
 Stab: Sleeping          |     4 |     4 |     5 |     9 |     8 ||    30
       Distracted        |       |       |       |     1 |     1 ||     2
       Confused          |       |       |       |       |     1 ||     1
  Eat: Chunk             |     7 |    12 |    10 |    22 |    36 ||    87
       Ration            |       |       |     2 |     2 |     4 ||     8
Armor: Skin              |   169 |   186 |   116 |   294 |   578 ||  1343
Dodge: Dodged            |   164 |   305 |   209 |   414 |   922 ||  2014
Block: Medium shield     |       |       |   128 |   616 |  1536 ||  2280
       Reflection        |       |       |       |     6 |    25 ||    31
